 Dungeon Crawl Stone Soup version 0.26-a0-26-ge22fd8933b (webtiles) character file.

Game seed: 9283217403508263643, levelgen mode: deterministic

43 FHLogan the Shooter (level 3, -1/29 HPs)
             Began as a Centaur Hunter on May 27, 2020.
             Slain by Natasha (2 damage)
             ... on level 2 of the Dungeon.
             The game lasted 00:08:19 (1189 turns).

FHLogan the Shooter (Centaur Hunter)                Turns: 1189, Time: 00:08:20

Health: -1/29      AC:  4    Str: 14    XL:     3   Next: 37%
Magic:  3/3        EV:  9    Int: 10    God:
Gold:   50         SH:  0    Dex: 10    Spells: 2/2 levels left

rFire    . . .     SeeInvis .   a - +1 shortbow
rCold    . . .     Gourm    .   (shield currently unavailable)
rNeg     . . .     Faith    .   c - +0 leather armour
rPois    .         Spirit   .   (no helmet)
rElec    .         Reflect  .   (no cloak)
rCorr    .         Harm     .   (no gloves)
MR       .....                  (no barding)
Stlth    +.........             (no amulet)
HPRegen  0.09/turn              (no ring)
MPRegen  0.08/turn              (no ring)

@: very quick
A: large, hooves 3, deformed body, speed 2, tough skin 3
a: no special abilities


You were on level 2 of the Dungeon.
You were not hungry.

You visited 1 branch of the dungeon, and saw 2 of its levels.

You collected 50 gold pieces.

Inventory:

Hand Weapons
 a - a +1 shortbow (weapon)
 b - a +0 short sword
 n - a +0 club
Missiles
 o - 35 stones (quivered)
Armour
 c - a +0 leather armour (worn)
 e - a +0 cloak
 j - a +0 pair of boots
Scrolls
 g - a scroll of teleportation {unknown}
 h - 2 scrolls of remove curse {unknown}
 l - 2 scrolls of identify {unknown}
 m - a scroll of enchant armour {unknown}
Potions
 k - a potion of brilliance {unknown}
 p - a potion of lignification {unknown}
Comestibles
 f - 3 rations
 i - 3 chunks of flesh


   Skills:
 + Level 2.1 Fighting
 + Level 6.6 Bows
 + Level 0.5 Armour
 + Level 1.4 Dodging
 + Level 0.4 Stealth


You had 2 spell levels left.
You didn't know any spells.
Your spell library was empty.

Dungeon Overview and Level Annotations

Branches:
Dungeon (2/15)

Altars:

Annotations:
D:2 Natasha


Innate Abilities, Weirdness & Mutations

You have hooves in place of feet.
Armour fits poorly on your strangely shaped body.
You cover ground very quickly.
You have extremely tough skin. (AC +3)


Message History

Throwing (i - inventory)
o - 38 stones (quivered)
Press: ? - help, Shift-Dir - straight line, f/p - Natasha
Aim: Natasha (heavily wounded)
You throw a stone. The stone misses Natasha.
The crimson imp hits you but does no damage.
Natasha closely misses you.
Throwing (i - inventory)
o - 37 stones (quivered)
Press: ? - help, Shift-Dir - straight line, f/p - Natasha
Aim: Natasha (heavily wounded)
You throw a stone. The stone closely misses Natasha.
The crimson imp hits you.
* * * LOW HITPOINT WARNING * * *
Natasha claws you.
* * * LOW HITPOINT WARNING * * *
The crimson imp hits you.
* * * LOW HITPOINT WARNING * * *
Throwing (i - inventory)
o - 36 stones (quivered)
Press: ? - help, Shift-Dir - straight line, f/p - Natasha
Aim: Natasha (heavily wounded)
You throw a stone. The stone closely misses Natasha.
Natasha claws you.
You die...

#######.##.##.........#
##.........##########.#
#.......<### #.#
...>.#<.....# #.# ###.
#......# #.# .........#
#.# #.##......# #.# #
#......######### #.#
#......#.@5....# #.###
#......#h#.#######...#
#(#.........#.#
#.#####.......# ..
#.###.### #. #.# #.# #.
#.# #รท# #. #.# #.# #.#
#.#


You could see Natasha and a crimson imp (summoned).

Vanquished Creatures
  2 dart slugs (D:1)
  A leopard gecko (D:2)
  A giant cockroach (D:1)
  4 goblins (D:1)
  3 hobgoblins (D:1)
  7 jackals (D:1)
  7 bats
  A frilled lizard (D:1)
  4 kobolds (D:1)
  4 rats (D:1)
34 creatures vanquished.

Notes
Turn   | Place    | Note
-------+----------+-------------------------------------------
     0 | D:1      | FHLogan the Centaur Hunter began the quest for the Orb.
     0 | D:1      | Reached XP level 1. HP: 17/17 MP: 1/1
   217 | D:1      | Reached XP level 2. HP: 14/24 MP: 2/2
   320 | D:1      | Reached skill level 6 in Bows
   509 | D:1      | Reached XP level 3. HP: 18/29 MP: 3/3
  1177 | D:2      | Noticed Natasha
  1188 | D:2      | HP: 1/29 [crimson imp[Natasha] (2)]
  1189 | D:2      | Slain by Natasha

Illustrated notes

Levels and vault maps discovered:
D:1:      wheals_arrival_linesprint, layout_rooms
D:2:      layout_basic, vehumet_crystals, okawaru_altar_gauntlet_db,
          uniq_natasha

Skill      XL: |  1  2 |
---------------+-------+-----
Bows           | 6 |  6.6
Fighting       | |  2.1
Armour         | |  0.5
Dodging        | |  1.4
Stealth        | |  0.4

Action                   || total
-------------------------++-------
Melee: Shortbow          ||     1
 Fire: Shortbow          ||   118
Throw: Stone             ||     3
Armor: Leather armour    ||    35
Dodge: Dodged            ||    55

Table legend:
 A = Non-vault XP
 B = Vault XP
 C = Vault XP percentage of total XP
 D = Non-vault monster count
 E = Vault monster count
 F = Vault count percentage of total count
                 A         B        C        D         E       F
            +---------+---------+-------+---------+---------+-------
      Total |      62 |       0 |   0.0 |      34 |       0 |   0.0
            +---------+---------+-------+---------+---------+-------
        D:1 |      57 |       0 |   0.0 |      31 |       0 |   0.0
        D:2 |       5 |       0 |   0.0 |       3 |       0 |   0.0
            +---------+---------+-------+---------+---------+-------
